 Dungeon Crawl Stone Soup version 0.26.1-2-gb8aa6d0cf2 (webtiles) character file.

Game seed: 7044176404855219394

56 srzhan31 the Ogre Mage (level 3, 0/33 HPs)
             Began as an Ogre Hedge Wizard on Mar 4, 2021.
             Slain by a kobold
             ... wielding a +0 short sword
              (4 damage)
             ... on level 2 of the Dungeon.
             The game lasted 00:08:31 (1559 turns).

srzhan31 the Ogre Mage (Ogre Hedge Wizard)          Turns: 1559, Time: 00:08:32

Health: 0/33       AC:  3    Str: 14    XL:     3   Next: 95%
Magic:  8/8        EV: 10    Int: 16    God:
Gold:   50         SH:  0    Dex:  8    Spells: 9/10 levels left

rFire    . . .     SeeInvis .   i - +1 dagger (drain)
rCold    . . .     Faith    .   (no shield)
rNeg     . . .     Spirit   .   b - +0 robe
rPois    .         Reflect  .   c - +0 hat
rElec    .         Harm     .   (no cloak)
rCorr    .         Rampage  .   (gloves unavailable)
Will     .....                  (boots unavailable)
Stlth    +.........             (no amulet)
HPRegen  0.11/turn              (no ring)
MPRegen  0.11/turn              (no ring)

@: no status effects
A: large, unfitting armour, tough skin 1
a: no special abilities


You were on level 2 of the Dungeon.
You visited 1 branch of the dungeon, and saw 2 of its levels.

You collected 50 gold pieces.

Inventory:

Hand Weapons
 i - a +1 dagger of draining (weapon)
Missiles
 g - 44 stones
Armour
 b - a +0 robe (worn)
 c - a +0 hat (worn)
Scrolls
 a - 2 scrolls of remove curse {unknown}
 h - a scroll of identify {unknown}
Potions
 d - a potion of attraction {unknown}
 e - a potion of heal wounds {unknown}
 f - a potion of magic {unknown}
 j - a potion of curing {unknown}


   Skills:
 * Level 1.4 Fighting
 - Level 0.3 Short Blades
 * Level 0.6 Maces & Flails
 + Level 2.1 Dodging
 + Level 1.4 Stealth
 * Level 4.2 Spellcasting
 * Level 1.1 Conjurations
 * Level 1.1 Summonings
 * Level 1.3 Translocations


You had 9 spell levels left.
You knew the following spells:

 Your Spells              Type           Power        Failure   Level
a - Magic Dart            Conj           28%          11%         1

Your spell library contained the following spells:

 Spells                   Type           Power        Failure   Level
 Blink                    Tloc           N/A          14%         2
 Call Imp                 Summ           7%           16%         2
 Slow                     Hex            3%           26%         2
 Conjure Flame            Conj/Fire      5%           36%         3
 Mephitic Cloud           Conj/Pois/Air  4%           38%         3


Dungeon Overview and Level Annotations

Branches:
Dungeon (2/15)

Altars:

Annotations:
D:2 Sigmund


Innate Abilities, Weirdness & Mutations

You are too large for most types of armour.
You have tough skin. (AC +1)


Message History

The kobold hits you with a +0 short sword.
You barely miss the adder.
The adder is heavily wounded.
You feel sick. The adder closely misses you.
The kobold hits you with a +0 short sword.
* * * LOW HITPOINT WARNING * * *
You barely miss the adder.
The adder is heavily wounded.
The adder bites you.
* * * LOW HITPOINT WARNING * * *
The kobold barely misses you.
You hit the adder. You drain the adder.
You kill the adder!
The kobold hits you with a +0 short sword.
* * * LOW HITPOINT WARNING * * *
The kobold closely misses you.
You barely miss the kobold.
You feel sick.
You are no longer poisoned.
The kobold hits you with a +0 short sword.
You die...

######
#....####+####
###............#
#####...K..........#
#.......@..........#
#.###..............#
#.# #..............#
#.# ##.............#
#.####..#########...
#.#..#......### ..
#####.#..##....w..#
.
#........######.#.#
#.......<# ...#.#


You could see a kobold.

Vanquished Creatures
  2 adders (D:2)
  A giant cockroach (D:1)
  6 goblins
  4 hobgoblins (D:1)
  7 jackals
  3 bats (D:1)
  A frilled lizard (D:1)
  4 kobolds (D:1)
  6 rats (D:1)
34 creatures vanquished.

Notes
Turn   | Place    | Note
-------+----------+-------------------------------------------
     0 | D:1      | srzhan31 the Ogre Hedge Wizard began the quest for the Orb.
     0 | D:1      | Reached XP level 1. HP: 16/16 MP: 5/5
    51 | D:1      | Reached skill level 1 in Summonings
   189 | D:1      | Reached XP level 2. HP: 21/26 MP: 2/6
   300 | D:1      | Reached skill level 1 in Fighting
   424 | D:1      | Reached skill level 1 in Conjurations
   432 | D:1      | Reached skill level 1 in Translocations
   434 | D:1      | Reached skill level 4 in Spellcasting
   866 | D:1      | Reached XP level 3. HP: 33/33 MP: 6/8
  1184 | D:2      | Noticed Sigmund
  1559 | D:2      | Slain by a kobold

Illustrated notes

Levels and vault maps discovered:
D:1:      psy_arrival_terrarium, layout_basic
D:2:      minmay_chambers_of_twos, layout_basic,
          chequers_ecumenical_altar_simple, st_stairs_9,
          chequers_serial_rivers_large_b, uniq_natasha, uniq_sigmund

Skill      XL: |  1  2 |
---------------+-------+-----
Summonings     | 1 |  1.1
Fighting       | 1 |  1.4
Conjurations   | 1 |  1.1
Translocations | 1 |  1.3
Spellcasting   | 4 |  4.2
Dodging        | 2 |  2.1
Short Blades   | |  0.3
Maces & Flails | |  0.6
Stealth        | |  1.4

Action                   || total
-------------------------++-------
Melee: Dagger            ||   113
 Cast: Magic Dart        ||    39
Armor: Robe              ||    42
Dodge: Dodged            ||    92
